 Dungeon Crawl Stone Soup version 0.29-a0-872-g797fff5ad1 (webtiles) character file.

Game seed: 9856340981141904891

41 greasedhog the Cudgeller (level 3, -6/23 HPs)
             Began as a Gargoyle Monk on July 19, 2022.
             Mangled by a worm (7 damage)
             ... on level 2 of the Dungeon.
             The game lasted 00:01:58 (1448 turns).

greasedhog the Cudgeller (Gargoyle Monk)            Turns: 1448, Time: 00:01:58

Health: -6/23      AC:  5    Str: 14    XL:     3   Next: 52%
Magic:  3/3        EV: 12    Int: 10    God:
Gold:   13         SH:  0    Dex: 14    Spells: 2/2 levels left

rFire   . . .      SeeInvis .   a - +0 mace
rCold   . . .      Faith    .   (no shield)
rNeg    + . .      Spirit   .   b - +0 robe
rPois   ∞          Reflect  .   (no helmet)
rElec   +          Harm     .   (no cloak)
rCorr   .          Rampage  .   (no gloves)
Will    .....                   (no boots)
Stlth   ++........              (no amulet)
HPRegen 0.07/turn               (no ring)
MPRegen 0.08/turn               (no ring)

@: no status effects
A: sickness immunity, AC +3, negative energy resistance 1, electricity
resistance, torment resistance 1, petrification resistance
a: no special abilities


You were on level 2 of the Dungeon.
You visited 1 branch of the dungeon, and saw 2 of its levels.

You collected 13 gold pieces.

Inventory:

Hand Weapons
 a - a +0 mace (weapon)
Armour
 b - a +0 robe (worn)
Scrolls
 d - a scroll of enchant armour {unknown}
 e - a scroll of identify {unknown}
Potions
 c - a potion of ambrosia
 f - a potion of heal wounds {unknown}


   Skills:
 - Level 3.2 Fighting
 * Level 3.8 Maces & Flails
 - Level 2.4 Dodging
 * Level 3.5 Stealth


You had 2 spell levels left.
You didn't know any spells.
Your spell library was empty.

Dungeon Overview and Level Annotations

Branches:
Dungeon (2/15)

Altars:

Shops:
D:1 ?


Innate Abilities, Weirdness & Mutations

You are immune to sickness and miasma.
Your stone body is resilient. (AC +3)
You are immune to poison.
You resist negative energy. (rN+)
You are resistant to electric shocks. (rElec)
You are resistant to unholy torment.
You are immune to petrification.


Message History

Found 14 gold pieces.
The worm bites you!
You hit the worm.
The worm is lightly wounded.
You hit the worm but do no damage.
The worm is lightly wounded.
The worm bites you!
* * * LOW HITPOINT WARNING * * *
You are too injured to fight recklessly!
You are too injured to fight recklessly!
You are too injured to fight recklessly!
You are too injured to fight recklessly!
You are too injured to fight recklessly!
You are too injured to fight recklessly!
You are too injured to fight recklessly!
You are too injured to fight recklessly!
You are too injured to fight recklessly!
You are too injured to fight recklessly!
You are too injured to fight recklessly!
You are too injured to fight recklessly!
You are too injured to fight recklessly!
You are too injured to fight recklessly!
You are too injured to fight recklessly!
You are too injured to fight recklessly!
You hit the worm.
The worm is lightly wounded.
The worm bites you.
* * * LOW HITPOINT WARNING * * *
You hit the worm.
The worm is moderately wounded.
The worm barely misses you.
You hit the worm.
The worm is severely wounded.
You hit the worm but do no damage.
The worm is severely wounded.
The worm bites you.
* * * LOW HITPOINT WARNING * * *
You hit the worm.
The worm is severely wounded.
The worm bites you!
You die...

#.♣♣♣♣♣♣..##.##
#........###.#
######.#####.#
#.......#
#######.# #.#
#)#
####.#######
#...@......#
#...w......#
..............#
..............#
..............#
..............#
......#....#...
...$..####.#.##


You could see a worm.

Vanquished Creatures
  5 bats
  4 giant cockroaches
  2 goblins
  4 hobgoblins
  4 jackals (D:1)
  6 kobolds (D:1)
  2 quokkas (D:1)
  3 ball pythons
  3 frilled lizards
  2 rats (D:1)
35 creatures vanquished.

Notes
Turn   | Place    | Note
-------+----------+-------------------------------------------
     0 | D:1      | greasedhog the Gargoyle Monk began the quest for the Orb.
     0 | D:1      | Reached XP level 1. HP: 14/14 MP: 1/1
    37 | D:1      | Reached XP level 2. HP: 10/19 MP: 2/2
   443 | D:1      | Found Wuadiel's Magic Scroll Boutique.
   480 | D:1      | Reached XP level 3. HP: 17/23 MP: 3/3
  1447 | D:2      | HP: 1/23 [worm (3)]
  1448 | D:2      | Mangled by a worm

Illustrated notes

Levels and vault maps discovered:
D:1:      dpeg_arrival_shrine, layout_loops_ring, serial_shops, shop
D:2:      layout_basic, dilly_ecumenical_altar_fadedgnrine, basic_altar,
          chequers_serial_rivers_room_b, minmay_rat_hole

Skill      XL: |  1  2 |
---------------+-------+-----
Stealth        | 3 |  3.5
Fighting       | |  3.2
Maces & Flails | |  3.8
Dodging        | |  2.4

Action                   || total
-------------------------++-------
Melee: Mace              ||   124
  Use: Scroll            ||     1
 Stab: Sleeping          ||     3
Armor: Robe              ||    44
Dodge: Dodged            ||   107

Table legend: (Time is in decaauts)
 A = Elapsed time spent in this place.
 B = Non-inter-level travel time spent in this place.
 C = Inter-level travel time spent in this place.
 D = Time resting spent in this place.
 E = Time spent auto-exploring this place.
 F = Levels seen in this place.
 G = Mean time per level.
                   A        B        C        D        E       F      G
               +--------+--------+--------+--------+--------+-----+--------+
         Total |   1477 |   1429 |     48 |    187 |    998 |   2 |  738.5 |
       Dungeon |   1477 |   1429 |     48 |    187 |    998 |   2 |  738.5 |
               +--------+--------+--------+--------+--------+-----+--------+

Top non-repeatable levels by time:
     D:1: 1272 daAuts
     D:2: 204 daAuts
